[Event "FIDE Open A - Konik"]
[Site "?"]
[Date "2013.05.04"]
[Round "8.12"]
[White "Veselý, Martin"]
[Black "Szotkowski, Jakub"]
[Result "1-0"]
[ECO "A59"]
[WhiteElo "2178"]
[BlackElo "2135"]
[PlyCount "148"]
[EventDate "2013.??.??"]
[TimeControl "6000+990"]
[WhiteClock "0:02:28"]
[BlackClock "0:11:58"]

1. d4 c5 2. d5 Nf6 3. c4 b5 4. cxb5 a6 5. bxa6 g6 6. Nc3 Bxa6 7. e4 Bxf1 8.
Kxf1 d6 9. g3 Bg7 10. Kg2 O-O 11. Nf3 Nbd7 12. Re1 Nb6 13. Re2 Qc8 14. Bg5 h6
15. Bd2 Nc4 16. b3 Nxd2 17. Qxd2 Qa6 18. Rc1 Nd7 19. Nd1 Rfb8 20. Ne3 Rb4 21.
Nc4 Qb7 22. Rc2 Ra7 23. Qe3 Qa8 24. Ne1 Nb6 25. Nxb6 Rxb6 26. f4 Rba6 27. Qd2
e6 28. dxe6 fxe6 29. Nf3 Kh7 30. h4 d5 31. e5 c4 32. bxc4 dxc4 33. Rxc4 Rxa2
34. Rc2 Ra1 35. Rf2 Qe4 36. Qe2 Qd5 37. Rd2 Qa8 38. Rc2 R7a3 39. Rb2 Qc6 40.
Qc2 Rc3 41. Qe2 Rac1 42. Kh3 Qc5 43. Qb5 Qa3 44. Kg2 Re3 45. Ra2 Qc3 46. Qb7
Qc7 47. Ra7 Qxb7 48. Rxb7 Rcc3 49. Re7 Kg8 50. Rxe6 Kf7 51. Ra6 Bf8 52. g4 Bc5
53. f5 Re4 54. fxg6+ Kg7 55. Rb2 Rxg4+ 56. Kh3 Rf4 57. Rb7+ Kg8 58. Ra8+ Bf8
59. g7 Rfxf3+ 60. Kg4 Rg3+ 61. Kf5 Rxg7 62. Rbb8 Rf3+ 63. Ke4 Rf1 64. h5 Re7
65. Kd5 Kg7 66. Kd6 Rf5 67. e6 Rb7+ 68. Kc6 Rxb8 69. Rxb8 Be7 70. Rb5 Rf1 71.
Re5 Kf6 72. Re2 Rf5 73. Kd7 Rd5+ 74. Ke8 Rd8# 1-0

[Event "FIDE Open A - Konik"]
[Site "?"]
[Date "2013.05.04"]
[Round "8.13"]
[White "Blahynka, Martin"]
[Black "Taus, Martin"]
[Result "1/2-1/2"]
[ECO "B07"]
[WhiteElo "2155"]
[BlackElo "2169"]
[PlyCount "45"]
[EventDate "2013.??.??"]
[TimeControl "6000+1430"]
[WhiteClock "0:35:14"]
[BlackClock "0:22:29"]

1. e4 d6 2. d4 Nf6 3. Nc3 e5 4. Nf3 exd4 5. Nxd4 Be7 6. Bc4 O-O 7. f3 Nc6 8.
Be3 Ne5 9. Be2 d5 10. Nxd5 Nxd5 11. exd5 Qxd5 12. O-O Nc4 13. Nf5 Qxf5 14. Bxc4
Bc5 15. Bf2 Be6 16. Bxe6 Bxf2+ 17. Rxf2 Qxe6 18. a4 Qb6 19. c3 Rad8 20. Qe2 Rd5
21. Rd1 Rxd1+ 22. Qxd1 Re8 23. g3 1/2-1/2

[Event "FIDE Open A - Konik"]
[Site "?"]
[Date "2013.05.04"]
[Round "8.14"]
[White "Richterová, Natasa"]
[Black "Holemáø, David"]
[Result "1/2-1/2"]
[ECO "B27"]
[WhiteElo "1954"]
[BlackElo "2285"]
[PlyCount "54"]
[EventDate "2013.??.??"]
[TimeControl "6000+755"]
[WhiteClock "0:18:18"]
[BlackClock "0:11:49"]

1. e4 c5 2. Nf3 g6 3. Nc3 Bg7 4. h3 Nf6 5. Bc4 O-O 6. d3 Nc6 7. a4 b6 8. Bg5
Bb7 9. Qd2 Nd4 10. Nh2 h6 11. Bxf6 exf6 12. Nd5 a6 13. c3 b5 14. cxd4 bxc4 15.
dxc4 Re8 16. O-O Rxe4 17. dxc5 Rxc4 18. Nb6 Rxc5 19. Nxa8 Qxa8 20. f3 f5 21.
Rac1 Qc8 22. Kh1 d5 23. Rxc5 Qxc5 24. Rc1 Qd6 25. Nf1 d4 26. Ne3 Qg3 27. Nf1
Qd6 1/2-1/2

[Event "FIDE Open A - Konik"]
[Site "?"]
[Date "2013.05.04"]
[Round "8.15"]
[White "Bures, Martin"]
[Black "Obrusnik, Michal"]
[Result "1-0"]
[ECO "E00"]
[WhiteElo "2147"]
[BlackElo "2243"]
[PlyCount "83"]
[EventDate "2013.??.??"]
[TimeControl "6000+1540"]
[WhiteClock "0:29:52"]
[BlackClock "0:28:51"]

1. d4 Nf6 2. c4 e6 3. a3 b6 4. Nc3 d5 5. Bg5 Be7 6. e3 Bb7 7. Bxf6 Bxf6 8. cxd5
exd5 9. Nf3 O-O 10. Bd3 Nd7 11. Bf5 g6 12. Bh3 c5 13. O-O Re8 14. Qa4 Nf8 15.
Rfd1 Ne6 16. g3 Qe7 17. Rac1 Red8 18. Bg2 a6 19. Qb3 b5 20. Qa2 Rac8 21. dxc5
Nxc5 22. Nd4 Ne4 23. Nce2 h5 24. Nf4 Rxc1 25. Rxc1 h4 26. b4 hxg3 27. hxg3 Nxg3
28. Nc6 Bxc6 29. Rxc6 Nh5 30. Nxd5 Qe5 31. f4 Qa1+ 32. Qxa1 Bxa1 33. Rxa6 Bb2
34. a4 bxa4 35. Rxa4 Nf6 36. Ne7+ Kf8 37. Nc6 Rd2 38. b5 Bc1 39. Rc4 Ba3 40.
Ne5 Rb2 41. Rc6 Kg7 42. Rc7 1-0

[Event "FIDE Open A - Konik"]
[Site "?"]
[Date "2013.05.04"]
[Round "8.16"]
[White "Furman, Boris"]
[Black "Slanina, Miroslav"]
[Result "1/2-1/2"]
[ECO "E61"]
[WhiteElo "2223"]
[BlackElo "2162"]
[PlyCount "100"]
[EventDate "2013.??.??"]
[TimeControl "6000+1185"]
[WhiteClock "0:26:18"]
[BlackClock "0:09:50"]

1. d4 Nf6 2. c4 g6 3. Nc3 Bg7 4. Nf3 d6 5. Bg5 Nbd7 6. e3 h6 7. Bh4 c6 8. Be2
O-O 9. Qc2 e5 10. O-O g5 11. Bg3 Nh5 12. dxe5 Nxg3 13. hxg3 dxe5 14. Bd3 Nc5
15. Bh7+ Kh8 16. Rad1 Qe7 17. Bf5 Bxf5 18. Qxf5 Rad8 19. b4 Qe6 20. Qxe6 Nxe6
21. g4 Rxd1 22. Rxd1 Rd8 23. Rxd8+ Nxd8 24. Ne4 Kh7 25. Kf1 Kg6 26. Ng3 f6 27.
Nd2 Bf8 28. b5 Kf7 29. Ke2 Ke6 30. Kd3 Nf7 31. bxc6 bxc6 32. Nde4 Nd8 33. Nd2
Nb7 34. Nb3 Nd8 35. f3 Nb7 36. a4 Nd8 37. Ke4 Nb7 38. Nf5 Kf7 39. Kd3 Ke6 40.
e4 Kd7 41. Kc3 Ke6 42. Ne3 Kd7 43. Nc2 Kc7 44. Ne1 Kd6 45. Nd3 Be7 46. a5 Kc7
47. c5 Nd8 48. a6 Bf8 49. Kc4 Ne6 50. Nb4 Kd7 1/2-1/2

[Event "FIDE Open A - Konik"]
[Site "?"]
[Date "2013.05.04"]
[Round "8.1"]
[White "Lys, Josef"]
[Black "Zidek, Václav"]
[Result "1-0"]
[ECO "E32"]
[WhiteElo "2137"]
[BlackElo "2190"]
[PlyCount "69"]
[EventDate "2013.??.??"]
[TimeControl "6000+1320"]
[WhiteClock "0:01:42"]
[BlackClock "0:00:31"]

1. d4 e6 2. c4 Nf6 3. Nc3 Bb4 4. Qc2 O-O 5. e4 d5 6. e5 Ne4 7. Bd3 c5 8. dxc5
Nc6 9. Nf3 Qa5 10. cxd5 exd5 11. O-O Bxc3 12. bxc3 Qxc5 13. a4 Re8 14. Ba3 Qa5
15. c4 Nxe5 16. Nxe5 Rxe5 17. Bb2 Rg5 18. cxd5 Nd2 19. f4 Rxg2+ 20. Kxg2 Qxd5+
21. Kg1 Nf3+ 22. Rxf3 Qxf3 23. Rf1 Qe3+ 24. Rf2 Qe1+ 25. Kg2 Bd7 26. Bxh7+ Kh8
27. Be4 Re8 28. Bxb7 Re6 29. f5 Re3 30. Bd4 Re8 31. Qd3 Bxa4 32. Qh3+ Kg8 33.
Qg3 g6 34. fxg6 f5 35. Bd5+ 1-0

[Event "FIDE Open A - Konik"]
[Site "?"]
[Date "2013.05.04"]
[Round "8.2"]
[White "Miculka, David"]
[Black "Mrva, Vladimir"]
[Result "1/2-1/2"]
[ECO "C97"]
[WhiteElo "1877"]
[BlackElo "2185"]
[PlyCount "105"]
[EventDate "2013.??.??"]
[TimeControl "6000+1340"]
[WhiteClock "0:21:41"]
[BlackClock "0:09:13"]

1. e4 e5 2. Nf3 Nc6 3. Bb5 a6 4. Ba4 Nf6 5. O-O Be7 6. Re1 b5 7. Bb3 O-O 8. h3
d6 9. c3 Na5 10. Bc2 c5 11. d4 Qc7 12. d5 c4 13. Nbd2 Nb7 14. Nf1 Nc5 15. g4 g6
16. Bh6 Re8 17. Ng3 Bf8 18. Qd2 Bxh6 19. Qxh6 Qe7 20. Kh1 Qf8 21. Qe3 Kh8 22.
Nd2 Ng8 23. Kg2 Qh6 24. Qxh6 Nxh6 25. g5 Ng8 26. Rf1 f6 27. gxf6 Rf8 28. f4
exf4 29. Rxf4 Rxf6 30. Raf1 Kg7 31. Ne2 Rxf4 32. Rxf4 Bd7 33. Nd4 Re8 34. b3
cxb3 35. axb3 a5 36. b4 axb4 37. cxb4 Na6 38. Bd3 Rb8 39. Nc2 Rc8 40. Nb1 Ne7
41. h4 h6 42. Nd4 Nxb4 43. Bxb5 Bxb5 44. Nxb5 Nd3 45. Rf1 Rc2+ 46. Kg3 Nc8 47.
Nd4 Rc1 48. Ne6+ Kg8 49. Rf8+ Kh7 50. Rf7+ Kh8 51. Rf8+ Kh7 52. Rf7+ Kh8 53.
Rf8+ 1/2-1/2

[Event "FIDE Open A - Konik"]
[Site "?"]
[Date "2013.05.04"]
[Round "8.3"]
[White "Kozák, Milos"]
[Black "Ockay, Tomás"]
[Result "1/2-1/2"]
[ECO "D11"]
[WhiteElo "2175"]
[BlackElo "2146"]
[PlyCount "59"]
[EventDate "2013.??.??"]
[TimeControl "5400+1120"]
[WhiteClock "0:11:03"]
[BlackClock "0:36:41"]

1. d4 Nf6 2. c4 c6 3. Nf3 d5 4. e3 g6 5. Nc3 Bg7 6. Be2 O-O 7. O-O Nbd7 8. cxd5
cxd5 9. Qb3 e6 10. Bd2 a6 11. Rfc1 b6 12. Na4 Ne4 13. Bb4 Re8 14. Rc2 Bb7 15.
Ba5 bxa5 16. Qxb7 Nd6 17. Qc7 Nb5 18. Qxd8 Rexd8 19. Rac1 Bf8 20. Kf1 Ra7 21.
Rc8 Rxc8 22. Rxc8 Kg7 23. Nd2 Bd6 24. Rc6 Bc7 25. Nb3 Nb8 26. Rc2 Kf6 27. f4
Ke7 28. Nac5 Kd8 29. Nxa6 Nxa6 30. Bxb5 1/2-1/2

[Event "FIDE Open A - Konik"]
[Site "?"]
[Date "2013.05.04"]
[Round "8.4"]
[White "Kufa, Pavel"]
[Black "Chromík, Tomás"]
[Result "1/2-1/2"]
[ECO "C21"]
[WhiteElo "2214"]
[BlackElo "1885"]
[PlyCount "48"]
[EventDate "2013.??.??"]
[TimeControl "6000+1530"]
[WhiteClock "0:29:44"]
[BlackClock "0:40:55"]

1. e4 e5 2. d4 exd4 3. c3 d5 4. exd5 Qxd5 5. cxd4 Nc6 6. Nf3 Bg4 7. Be2 Bb4+ 8.
Nc3 Bxf3 9. Bxf3 Qc4 10. Bxc6+ bxc6 11. Qb3 Qxb3 12. axb3 a5 13. O-O O-O-O 14.
Be3 Ne7 15. Na2 Nd5 16. Nxb4 axb4 17. Ra4 Kd7 18. Bd2 Rb8 19. f3 Rhe8 20. Kf2
f6 21. Re1 Rxe1 22. Kxe1 g5 23. g3 h5 24. Kf2 g4 1/2-1/2

[Event "FIDE Open A - Konik"]
[Site "?"]
[Date "2013.05.04"]
[Round "8.5"]
[White "Malík, Jan"]
[Black "Dobes, Ludek"]
[Result "0-1"]
[ECO "B90"]
[WhiteElo "2265"]
[BlackElo "2064"]
[PlyCount "94"]
[EventDate "2013.??.??"]
[TimeControl "6000+585"]
[WhiteClock "0:25:11"]
[BlackClock "0:09:41"]

1. e4 c5 2. Nf3 d6 3. d4 cxd4 4. Nxd4 Nf6 5. Nc3 a6 6. Bc4 e6 7. Bb3 Be7 8. g4
O-O 9. g5 Nfd7 10. Rg1 Nc5 11. Be3 b5 12. Qh5 Bb7 13. Nf5 Nxb3 14. Nxe7+ Qxe7
15. axb3 b4 16. Rg4 bxc3 17. Rh4 Bxe4 18. Rxe4 cxb2 19. Rb1 f5 20. gxf6 Qxf6
21. Rf4 Qc3+ 22. Bd2 Qxc2 23. Rxb2 Qxb2 24. Rxf8+ Kxf8 25. Qf3+ Ke7 26. Qxa8
Qb1+ 27. Ke2 Qxb3 28. Qa7+ Nd7 29. Bg5+ Ke8 30. Qxa6 Qc2+ 31. Bd2 Qc5 32. Be3
Qe5 33. Qc8+ Ke7 34. Qg8 h6 35. Kf1 Nf8 36. Ba7 Nd7 37. Be3 Nc5 38. h3 Ne4 39.
Qc8 Kf7 40. Qb8 Kg6 41. Qa7 Ng5 42. h4 Qb5+ 43. Kg2 Qd5+ 44. Kf1 Qd1+ 45. Kg2
Qg4+ 46. Kf1 Qxh4 47. Qxg7+ Kxg7 0-1

[Event "FIDE Open A - Konik"]
[Site "?"]
[Date "2013.05.04"]
[Round "8.6"]
[White "Potomák, Vladimír"]
[Black "Chlevistan, Jakub"]
[Result "0-1"]
[ECO "E19"]
[WhiteElo "2187"]
[BlackElo "2075"]
[PlyCount "44"]
[EventDate "2013.??.??"]
[TimeControl "6000+255"]
[WhiteClock "1:21:35"]
[BlackClock "1:09:49"]

1. c4 Nf6 2. d4 e6 3. Nf3 b6 4. g3 Bb7 5. Bg2 Be7 6. O-O O-O 7. Nc3 Ne4 8. Qc2
Nxc3 9. Qxc3 c5 10. Rd1 d6 11. dxc5 bxc5 12. Qc2 Nc6 13. b3 Bf6 14. Rb1 Nb4 15.
Qd2 Be4 16. a3 Nc6 17. Rb2 Bxb2 18. Bxb2 Rb8 19. b4 cxb4 20. axb4 Rxb4 21. Nd4
Bxg2 22. Kxg2 Qb6 0-1

[Event "FIDE Open A - Konik"]
[Site "?"]
[Date "2013.05.04"]
[Round "8.7"]
[White "Nowak, Maciej"]
[Black "Krouzel, Jaroslav"]
[Result "1/2-1/2"]
[ECO "A81"]
[WhiteElo "1975"]
[BlackElo "2153"]
[PlyCount "30"]
[EventDate "2013.??.??"]
[TimeControl "6000+1490"]
[WhiteClock "0:42:21"]
[BlackClock "0:25:12"]

1. d4 f5 2. g3 Nf6 3. Bg2 g6 4. Nf3 Bg7 5. b3 O-O 6. Bb2 d6 7. Nbd2 Ne4 8. c4
Nc6 9. Qc2 e5 10. Nxe4 fxe4 11. Qxe4 Nb4 12. O-O Bf5 13. Qxb7 Rb8 14. Qxa7 Ra8
15. Qb7 Rb8 1/2-1/2

[Event "FIDE Open A - Konik"]
[Site "?"]
[Date "2013.05.04"]
[Round "8.8"]
[White "Záleský, Karel"]
[Black "Miculka, Petr"]
[Result "1-0"]
[ECO "A02"]
[WhiteElo "2100"]
[BlackElo "2018"]
[PlyCount "105"]
[EventDate "2013.??.??"]
[TimeControl "6000+1355"]
[WhiteClock "0:26:26"]
[BlackClock "0:18:29"]

1. f4 c5 2. e4 Nc6 3. Nf3 e6 4. Nc3 a6 5. g3 g6 6. Bg2 Bg7 7. O-O Nge7 8. d3
O-O 9. Be3 d6 10. Rb1 Nd4 11. Ne2 Nec6 12. c3 Nxf3+ 13. Bxf3 f5 14. e5 dxe5 15.
Bxc5 Re8 16. Qc2 exf4 17. Nxf4 e5 18. Nd5 Be6 19. Nb6 Rb8 20. b4 Qg5 21. Bg2
Rbd8 22. Rbd1 f4 23. Qf2 Bh6 24. Kh1 fxg3 25. hxg3 e4 26. Bxe4 Ne5 27. Qf4 Bg4
28. Qxg5 Bxg5 29. Bd5+ Kg7 30. Rde1 Nxd3 31. Bd4+ Kh6 32. Rxe8 Rxe8 33. Bxb7
Bh3 34. Rg1 Re2 35. Bxa6 Nf2+ 36. Kh2 Rxa2 37. Bxf2 Rxf2+ 38. Kxh3 Rf6 39. Kg4
Bd2 40. Rd1 Bxc3 41. Nd5 Rxa6 42. Nxc3 Ra3 43. Nd5 Rb3 44. Rc1 Rd3 45. Rc5 Kg7
46. b5 h5+ 47. Kh4 Kh6 48. Nf4 Rd2 49. Kh3 Rb2 50. Rc6 Rxb5 51. Rxg6+ Kh7 52.
Kh4 Rb1 53. Kxh5 1-0

[Event "FIDE Open A - Konik"]
[Site "?"]
[Date "2013.05.04"]
[Round "8.9"]
[White "Leks, Maria"]
[Black "Kula, Dominik"]
[Result "1-0"]
[ECO "B23"]
[WhiteElo "2091"]
[BlackElo "1854"]
[PlyCount "37"]
[EventDate "2013.??.??"]
[TimeControl "6000+735"]
[WhiteClock "1:01:27"]
[BlackClock "0:42:44"]

1. e4 c5 2. Nc3 e6 3. f4 d5 4. Bb5+ Bd7 5. Bxd7+ Qxd7 6. Nf3 Nc6 7. O-O d4 8.
Ne2 d3 9. Ng3 c4 10. c3 Bc5+ 11. Kh1 h5 12. e5 Qd5 13. Qe1 Nh6 14. Ne4 Bb6 15.
Nd6+ Ke7 16. b3 cxb3 17. axb3 Nf5 18. c4 Qc5 19. Ne4 1-0

[Event "FIDE Open A - Konik"]
[Site "?"]
[Date "2013.05.04"]
[Round "8.10"]
[White "Marek, Matyás"]
[Black "Kapusta, Petr"]
[Result "1-0"]
[ECO "E63"]
[WhiteElo "2004"]
[BlackElo "2165"]
[PlyCount "77"]
[EventDate "2013.??.??"]
[TimeControl "6000+710"]
[WhiteClock "0:21:12"]
[BlackClock "0:04:25"]

1. Nf3 Nf6 2. d4 g6 3. c4 Bg7 4. Nc3 O-O 5. g3 d6 6. Bg2 Nc6 7. O-O a6 8. d5
Na5 9. Nd2 b5 10. cxb5 axb5 11. Nxb5 Ba6 12. Nc3 Nc4 13. Qc2 Qd7 14. Nxc4 Bxc4
15. Rd1 Rfb8 16. Be3 Ra5 17. Bd4 e5 18. dxe6 Bxe6 19. Rac1 c5 20. Bxf6 Bxf6 21.
Ne4 Bg7 22. Rxd6 Qe7 23. b3 f5 24. Rxe6 Qxe6 25. Nxc5 Qc8 26. Qc4+ Kh8 27. b4
Rab5 28. Nd3 Qa6 29. a4 R5b6 30. a5 Qxc4 31. Rxc4 Re6 32. Kf1 Bh6 33. Bc6 Bd2
34. a6 Re7 35. e3 Rc7 36. Ke2 Rb6 37. Kxd2 Rxa6 38. b5 Ra2+ 39. Rc2 1-0

[Event "FIDE Open A - Konik"]
[Site "?"]
[Date "2013.05.04"]
[Round "8.11"]
[White "Závesický, Petr"]
[Black "Snyta, Zdenek"]
[Result "1-0"]
[ECO "B01"]
[WhiteElo "1978"]
[BlackElo "2081"]
[PlyCount "117"]
[EventDate "2013.??.??"]
[TimeControl "6000+755"]
[WhiteClock "0:27:41"]
[BlackClock "0:41:40"]

1. e4 d5 2. exd5 Nf6 3. d4 Nxd5 4. c4 Nb6 5. Nf3 g6 6. a4 Bg7 7. c5 N6d7 8. Bc4
O-O 9. O-O Nc6 10. Nc3 Nf6 11. h3 Bf5 12. Be3 Ne4 13. g4 Nxc3 14. bxc3 Be4 15.
Bf4 h5 16. Ng5 Bd5 17. Bxd5 Qxd5 18. gxh5 f6 19. Nf3 Qxh5 20. Kg2 Qd5 21. Bxc7
g5 22. Rb1 Kh8 23. Qb3 Qf5 24. Qxb7 g4 25. hxg4 Qxg4+ 26. Bg3 Rfc8 27. Rh1+ Kg8
28. Qb3+ Kf8 29. Qd5 Nd8 30. Qh5 Qe4 31. Rhe1 Qc6 32. d5 Qe8 33. Qxe8+ Kxe8 34.
Bd6 Bf8 35. c6 e5 36. Bxf8 Kxf8 37. Rb7 Nf7 38. Rh1 Kg7 39. Rhb1 Rg8 40. Rd7
Kh6+ 41. Kf1 Ng5 42. Nxg5 Kxg5 43. Rbb7 Kf4 44. Ke2 e4 45. Re7 Rg2 46. c7 Rh8
47. Rb1 f5 48. d6 Rhh2 49. Rf1 Rg3 50. c8=Q Re3+ 51. Kd1 Rd3+ 52. Kc1 Rhh3 53.
d7 Kf3 54. d8=Q Ke2 55. Qxd3+ Rxd3 56. Rh1 Rf3 57. Qc4+ Kxf2 58. Rf1+ Kg3 59.
Rxf3+ 1-0

[Event "FIDE Open A - Konik"]
[Site "?"]
[Date "2013.05.04"]
[Round "8.12"]
[White "Omamík, Pavel"]
[Black "Dostál, Radim"]
[Result "1-0"]
[ECO "A04"]
[WhiteElo "2076"]
[BlackElo "2036"]
[PlyCount "85"]
[EventDate "2013.??.??"]
[TimeControl "6000+1045"]
[WhiteClock "0:32:55"]
[BlackClock "0:25:49"]

1. Nf3 g6 2. d4 Bg7 3. Nc3 c5 4. dxc5 Qa5 5. Bd2 Qxc5 6. e3 Nf6 7. a4 O-O 8.
Nb5 Nc6 9. Rb1 a6 10. b4 Qb6 11. Na3 d5 12. c4 Bf5 13. c5 Qc7 14. Rc1 e5 15.
Nh4 Be6 16. g3 e4 17. Bc3 g5 18. Ng2 Ng4 19. Bxg7 Kxg7 20. Be2 Nge5 21. Rb1 Bh3
22. Rg1 Qd7 23. Nc2 Bxg2 24. Rxg2 Qh3 25. Kf1 Rad8 26. b5 axb5 27. axb5 Ne7 28.
Nd4 g4 29. Kg1 Nf3+ 30. Kh1 Kh8 31. Ra1 Rg8 32. Ra7 Rb8 33. Qa1 Ne5 34. Nf5
N7g6 35. Ne7 f6 36. Nxg8 Kxg8 37. Ra8 Rf8 38. Rxf8+ Nxf8 39. Qd1 Nf3 40. Qxd5+
Kg7 41. Qxb7+ Kh8 42. Qxe4 Qh5 43. Bxf3 1-0

[Event "FIDE Open A - Konik"]
[Site "?"]
[Date "2013.05.04"]
[Round "8.13"]
[White "Trombík, Karel"]
[Black "Kondula, Lukás"]
[Result "0-1"]
[ECO "A06"]
[WhiteElo "2065"]
[BlackElo "1968"]
[PlyCount "64"]
[EventDate "2013.??.??"]
[TimeControl "6000+635"]
[WhiteClock "0:42:51"]
[BlackClock "0:56:34"]

1. Nf3 d5 2. g3 Nf6 3. Bg2 c5 4. d3 e6 5. O-O Be7 6. c3 O-O 7. Nbd2 Nc6 8. e4
dxe4 9. dxe4 e5 10. Qc2 Qc7 11. Re1 h6 12. Nf1 Be6 13. Ne3 g6 14. Nh4 Kh7 15.
Nd5 Qc8 16. Be3 Ng4 17. Nxe7 Nxe3 18. Rxe3 Nxe7 19. f4 exf4 20. gxf4 c4 21. Nf3
Qc5 22. Qf2 Rad8 23. Nd4 Nc6 24. Rd1 Nxd4 25. Rxd4 Rxd4 26. cxd4 Qxd4 27. Re2
Qxf2+ 28. Kxf2 Rd8 29. e5 Bg4 30. Rc2 b5 31. Be4 Rd4 32. Kg3 Rxe4 0-1

[Event "FIDE Open A - Konik"]
[Site "?"]
[Date "2013.05.04"]
[Round "8.14"]
[White "Maltsev, Leonid"]
[Black "Stehlík, Jiri"]
[Result "1/2-1/2"]
[ECO "B06"]
[WhiteElo "1989"]
[BlackElo "1981"]
[PlyCount "54"]
[EventDate "2013.??.??"]
[TimeControl "6000+895"]
[WhiteClock "0:20:39"]
[BlackClock "0:26:17"]

1. e4 g6 2. d4 Bg7 3. Nc3 d6 4. f4 a6 5. a4 Nd7 6. Nf3 e6 7. Bd3 Ne7 8. O-O O-O
9. Be3 c5 10. Qd2 b6 11. Ne2 d5 12. c3 c4 13. Bc2 dxe4 14. Bxe4 Ra7 15. Ne5 Nf6
16. Bc2 Bb7 17. Ng3 Qc7 18. a5 Bd5 19. axb6 Qxb6 20. Rfb1 Qc7 21. b3 cxb3 22.
Bxb3 Bxb3 23. Rxb3 Nfd5 24. Bf2 Rb7 25. Rba3 Rfb8 26. Rc1 Rb1 27. Rxa6 Qxc3
1/2-1/2

[Event "FIDE Open A - Konik"]
[Site "?"]
[Date "2013.05.04"]
[Round "8.15"]
[White "Kolár, Stanislav"]
[Black "Vícha, Martin"]
[Result "1/2-1/2"]
[ECO "C41"]
[WhiteElo "2139"]
[BlackElo "1888"]
[PlyCount "66"]
[EventDate "2013.??.??"]
[TimeControl "6000+385"]
[WhiteClock "1:01:25"]
[BlackClock "1:14:39"]

1. e4 e5 2. Nf3 d6 3. d4 Bg4 4. Be2 Bxf3 5. Bxf3 exd4 6. Qxd4 Nc6 7. Qd1 g6 8.
Nc3 Bg7 9. Nd5 Nge7 10. c4 O-O 11. O-O a5 12. Rb1 Nd4 13. Bg5 f6 14. Be3 Nxf3+
15. Qxf3 Nxd5 16. exd5 b6 17. Bd4 Qd7 18. b3 Rae8 19. Rfe1 f5 20. Qc3 Bxd4 21.
Qxd4 Rxe1+ 22. Rxe1 Re8 23. Re3 Kf7 24. h4 Rxe3 25. fxe3 Qe8 26. Kf2 Qe5 27.
Qxe5 dxe5 28. Kf3 h5 29. g3 Ke7 30. Ke2 Kd6 31. Kd3 Kc5 32. a3 b5 33. Kc3 b4+
1/2-1/2

[Event "FIDE Open A - Konik"]
[Site "?"]
[Date "2013.05.04"]
[Round "8.16"]
[White "Hastík, Svatopluk"]
[Black "Didi, Jan"]
[Result "1/2-1/2"]
[ECO "D56"]
[WhiteElo "2034"]
[BlackElo "2053"]
[PlyCount "47"]
[EventDate "2013.??.??"]
[TimeControl "6000+1215"]
[WhiteClock "0:18:44"]
[BlackClock "0:40:22"]

1. d4 d5 2. Nf3 Nf6 3. c4 e6 4. Bg5 Be7 5. Nc3 O-O 6. e3 h6 7. Bh4 a6 8. a3
dxc4 9. Bxc4 b5 10. Bd3 Bb7 11. O-O Nbd7 12. Rc1 c5 13. dxc5 Nxc5 14. Bc2 Nd5
15. Bxe7 Qxe7 16. Nxd5 Bxd5 17. b4 Nd7 18. Bb3 Nb6 19. Bxd5 Rad8 20. Qd4 Nxd5
21. Ne5 Qb7 22. Rfd1 Rc8 23. Nd3 Rfd8 24. Rxc8 1/2-1/2

[Event "FIDE Open A - Konik"]
[Site "?"]
[Date "2013.05.05"]
[Round "9.2"]
[White "Krejci, Jan"]
[Black "Simantsev, Mikhail"]
[Result "0-1"]
[ECO "E42"]
[WhiteElo "2491"]
[BlackElo "2449"]
[PlyCount "78"]
[EventDate "2013.??.??"]
[TimeControl "6000+1050"]
[WhiteClock "0:31:57"]
[BlackClock "0:06:57"]

1. d4 Nf6 2. c4 e6 3. Nc3 Bb4 4. e3 c5 5. Nge2 cxd4 6. exd4 d5 7. a3 Be7 8. Nf4
dxc4 9. Bxc4 O-O 10. O-O Nc6 11. Be3 Bd6 12. Nh5 Nd5 13. Qg4 g6 14. Bh6 f5 15.
Qh3 gxh5 16. Nxd5 exd5 17. Bxd5+ Kh8 18. Bxf8 Bxf8 19. Ba2 Nxd4 20. Rad1 Bg7
21. Qxh5 Bd7 22. Rd2 Be8 23. Qd1 Bc6 24. Kh1 Qh4 25. Re1 Rd8 26. Bb1 Bh6 27.
Re3 Rg8 28. Rg3 Bxd2 29. Qxd2 Rxg3 30. fxg3 Qf6 31. Qf4 a6 32. g4 Ne6 33. Qb8+
Kg7 34. gxf5 Qxb2 35. Qg3+ Kf6 36. Qh4+ Ng5 37. Qh6+ Kf7 38. Qh5+ Kf8 39. Qh6+
Ke8 0-1

[Event "FIDE Open A - Konik"]
[Site "?"]
[Date "2013.05.05"]
[Round "9.3"]
[White "Michenka, Jozef"]
[Black "Zabystrzan, Pavel"]
[Result "1-0"]
[ECO "A58"]
[WhiteElo "2355"]
[BlackElo "2308"]
[PlyCount "87"]
[EventDate "2013.??.??"]
[TimeControl "6000+1450"]
[WhiteClock "0:18:00"]
[BlackClock "0:53:13"]

1. d4 Nf6 2. c4 c5 3. d5 b5 4. cxb5 a6 5. bxa6 g6 6. Nc3 Bxa6 7. Nf3 d6 8. e4
Bxf1 9. Kxf1 Qc8 10. h3 Qa6+ 11. Kg1 Nbd7 12. Kh2 Bg7 13. Re1 O-O 14. Qc2 Rfb8
15. Bg5 h6 16. Bd2 Ne8 17. Nd1 c4 18. Bc3 Nc5 19. Bxg7 Nxg7 20. Ne3 Nd3 21.
Reb1 Rc8 22. Nd4 Rc5 23. Nc6 e5 24. Ng4 f5 25. Nxh6+ Kf8 26. Qd2 f4 27. Qe2
Rxc6 28. dxc6 Qxc6 29. b3 Ne8 30. bxc4 Nc5 31. f3 Nf6 32. Ng4 Nxg4+ 33. hxg4
Kg7 34. Rh1 Nb3 35. Raf1 Nd4 36. Qb2 Kf6 37. Kg1 Qxc4 38. Rh7 Qc6 39. Kh2 Ne6
40. Rc1 Qa6 41. Qf2 Ng5 42. Qh4 Qxa2 43. Rcc7 Rf8 44. Rcg7 1-0

[Event "FIDE Open A - Konik"]
[Site "?"]
[Date "2013.05.05"]
[Round "9.4"]
[White "Heinzel, Olaf"]
[Black "Plát, Vojtech"]
[Result "0-1"]
[ECO "A41"]
[WhiteElo "2371"]
[BlackElo "2463"]
[PlyCount "70"]
[EventDate "2013.??.??"]
[TimeControl "6000+785"]
[WhiteClock "0:00:32"]
[BlackClock "0:23:51"]

1. d4 d6 2. Nf3 Nf6 3. g3 c6 4. Bg2 Qc7 5. c4 Nbd7 6. O-O e5 7. Nc3 Be7 8. Qc2
O-O 9. b3 Re8 10. Bb2 Nf8 11. Rfd1 Bg4 12. c5 dxc5 13. dxe5 N6d7 14. Ne4 Bf5
15. Nfd2 Nxe5 16. Qc3 f6 17. Nxc5 a5 18. Nf3 Nxf3+ 19. Bxf3 Rad8 20. Qc4+ Kh8
21. Rxd8 Rxd8 22. e4 Bg6 23. Nd3 b5 24. Qc2 Ne6 25. Bg2 Qd6 26. Ne1 Nd4 27. Qd3
Qb4 28. Qe3 Qd6 29. Rc1 c5 30. Kh1 Nc6 31. Nf3 Nb4 32. e5 Qd3 33. exf6 Qxe3 34.
fxe3 gxf6 35. Nh4 Nd3 0-1

[Event "FIDE Open A - Konik"]
[Site "?"]
[Date "2013.05.05"]
[Round "9.5"]
[White "Firt, Stanislav"]
[Black "Kociscák, Jiri"]
[Result "0-1"]
[ECO "A04"]
[WhiteElo "2260"]
[BlackElo "2424"]
[PlyCount "58"]
[EventDate "2013.??.??"]
[TimeControl "6000+1265"]
[WhiteClock "0:32:07"]
[BlackClock "0:11:01"]

1. Nf3 f5 2. e4 fxe4 3. Ng5 Nf6 4. d3 e5 5. dxe4 h6 6. Nf3 Bc5 7. Bc4 d6 8. O-O
Bg4 9. Qd3 Nc6 10. a3 Qd7 11. b4 Bb6 12. Nc3 Be6 13. Bxe6 Qxe6 14. Nd5 Ne7 15.
c4 Nexd5 16. cxd5 Qg4 17. Re1 Nh5 18. a4 a6 19. a5 Ba7 20. b5 O-O 21. Rb1 Bc5
22. bxa6 bxa6 23. Re2 Rf7 24. Rbb2 Raf8 25. Ne1 Bd4 26. Rbc2 Rb8 27. Qxa6 Rb1
28. Qc4 Nf4 29. Bxf4 Qxf4 0-1

[Event "FIDE Open A - Konik"]
[Site "?"]
[Date "2013.05.05"]
[Round "9.6"]
[White "Hausner, Ivan"]
[Black "Orzechowski, Jacek"]
[Result "1/2-1/2"]
[ECO "E91"]
[WhiteElo "2395"]
[BlackElo "2219"]
[PlyCount "70"]
[EventDate "2013.??.??"]
[TimeControl "6000+925"]
[WhiteClock "0:59:17"]
[BlackClock "0:01:27"]

1. d4 Nf6 2. c4 g6 3. Nc3 Bg7 4. e4 d6 5. Nf3 O-O 6. Be2 c5 7. d5 b5 8. cxb5 a6
9. a4 axb5 10. Bxb5 Ba6 11. Bd2 Bxb5 12. axb5 Nbd7 13. O-O Ne8 14. Rxa8 Qxa8
15. Bg5 f6 16. Be3 Nc7 17. h4 Rb8 18. h5 Nxb5 19. hxg6 hxg6 20. Nh4 Nf8 21. Qg4
Nxc3 22. bxc3 Kf7 23. f4 Qa4 24. f5 g5 25. Nf3 Nh7 26. Nh4 Nf8 27. Ng6 Qc4 28.
Bd2 Rb2 29. Qh5 Qxe4 30. Re1 Rb1 31. Ne5+ Kg8 32. Qf7+ Kh7 33. Qh5+ Kg8 34.
Qf7+ Kh7 35. Qh5+ Kg8 1/2-1/2